 Dungeon Sprint DCSS version 0.20.1-1-g8b1a95d (webtiles) character file.

576 JustSomeDude the Slicer (level 7, -6/63 HPs)
             Began as a Demonspawn Monk on Aug 26, 2017.
             Was a Believer of Dithmenos.
             Mangled by a sixfirhy (12 damage)
             ... summoned by a kobold demonologist
             ... in the Dungeon (Sprint I: "Red Sonja").
             The game lasted 00:05:30 (1273 turns).

JustSomeDude the Slicer (Demonspawn Monk)           Turns: 1273, Time: 00:05:31

Health: -6/63      AC:  3    Str: 12    XL:     7   Next: 12%
Magic:  7/7        EV: 17    Int: 11    God:    Dithmenos [**....]
Gold:   285        SH:  0    Dex: 17    Spells: 6/6 levels left

rFire    . . .     SeeInvis .   a - +0 short sword
rCold    . . .     Gourm    .   (no shield)
rNeg     . . .     Faith    .   h - +0 leather armour
rPois    .         Spirit   .   (no helmet)
rElec    .         Reflect  .   (no cloak)
rCorr    .         Harm     .   (no gloves)
MR       .....     NoTele   +   (no boots)
Stlth    +++.......             (no amulet)
Regen    0.2/turn               (no ring)
MPRegen  0.1/turn               (no ring)

@: hasted, wreathed by umbra, very quick
A: claws 1, demonic guardian 1, sturdy frame 1
a: Shadow Step, Renounce Religion


You were in the Dungeon.
You worshipped Dithmenos.
Dithmenos was pleased with you.
You were very hungry.

You visited 1 branch You collected 405 gold pieces.
You spent 120 gold pieces at shops.

Inventory:

Hand Weapons
 a - a +0 short sword (weapon)
Armour
 b - a +0 robe
 h - a +0 leather armour (worn)
Scrolls
 i - a scroll of blinking
Potions
 d - a potion of curing
 g - 2 potions of magic
Comestibles
 c - a bread ration


   Skills:
 + Level 8.6 Fighting
 + Level 9.1 Short Blades
 + Level 2.5 Armour
 + Level 7.8 Dodging
 + Level 3.9 Stealth


You had 6 spell levels left.
You didn't know any spells.

Dungeon Overview and Level Annotations

Branches:
Dungeon (1/1)

Altars:
Cheibriados
Dithmenos
Elyvilon
Fedhas
Gozag
Hepliaklqana
Kikubaaqudgha
Makhleb
Nemelex Xobeh
Okawaru
Qazlal
Ru
Sif Muna
Trog
Uskayaw
Vehumet
Xom
Yredelemnul
Zin
The Shining One
Jiyva
Lugonu

Shops:
D *


Innate Abilities, Weirdness & Mutations

You have sharp fingernails.
A weak demonic guardian rushes to your aid.
Your movements are slightly less encumbered by armour. (ER -2)


Message History

The kobold demonologist gestures wildly while chanting.
The kobold demonologist barely misses you.
You hit the kobold demonologist.
The kobold demonologist is severely wounded.
You hit the kobold demonologist but do no damage.
The kobold demonologist is severely wounded.
The sixfirhy closely misses you.
Your white imp misses the sixfirhy.
The kobold demonologist hits you with an enchanted dagger.
The kobold demonologist misses you.
You barely miss the kobold demonologist.
The kobold demonologist is severely wounded.
The sixfirhy hits you! The sixfirhy shocks you! The sixfirhy barely misses you.
You hit the kobold demonologist.
The kobold demonologist is almost dead.
The sixfirhy hits you! The sixfirhy shocks you!
* * * LOW HITPOINT WARNING * * *
The sixfirhy hits you!
* * * LOW HITPOINT WARNING * * *
The sixfirhy shocks you!
You die...

#####################
.)..#..'..#__#.3@K55#
.#..').#..'..'.5#K55#
###'#####'#__####553+
##..#...#)#### ####
_####..##(#
____##'#..+
.∩...'..._#
..__##_.#'#
____###+#[#


You could see 2 kobold demonologists, a sixfirhy, a neqoxec, 2 iron imps, a
quasit, 2 white imps, a shadow imp and a friendly white imp.

Vanquished Creatures
  A floating eye (D)
  An ogre (D)
  A jelly (D)
  Ijyb (D)
4 creatures vanquished.

Vanquished Creatures (collateral kills)
  A slime creature (D)
  Sigmund (D)
  A yak (D)
3 creatures vanquished.

Grand Total: 7 creatures vanquished

Notes
Turn   | Place    | Note
-------+----------+-------------------------------------------
     0 | D        | JustSomeDude the Demonspawn Monk began the quest for the Orb.
     0 | D        | Reached XP level 1. HP: 18/18 MP: 1/1
     1 | D        | Noticed Ijyb
    19 | D        | Killed Ijyb
    19 | D        | Reached skill level 4 in Short Blades
    19 | D        | Gained mutation: A weak demonic guardian rushes to your aid. [demonic ancestry]
    19 | D        | Reached XP level 2. HP: 5/25 MP: 2/2
   261 | D        | Noticed an ogre
   264 | D        | Killed an ogre
   264 | D        | Reached skill level 5 in Fighting
   264 | D        | Reached skill level 5 in Short Blades
   264 | D        | Reached skill level 5 in Dodging
   264 | D        | Reached XP level 3. HP: 25/34 MP: 3/3
   264 | D        | Gained mutation: Your movements are slightly less encumbered by armour. (ER -2) [demonic ancestry]
   264 | D        | Reached XP level 4. HP: 29/40 MP: 4/4
   409 | D        | Noticed Sigmund
   422 | D        | Killed Sigmund
   422 | D        | Reached skill level 6 in Short Blades
   422 | D        | Reached XP level 5. HP: 26/47 MP: 5/5
   570 | D        | Found a deep blue altar of Sif Muna.
   572 | D        | Found a radiant altar of Vehumet.
   691 | D        | Found Lych's General Store.
   691 | D        | Found an ancient bone altar of Kikubaaqudgha.
   691 | D        | Found a hazy altar of Hepliaklqana.
   691 | D        | Found a stormy altar of Qazlal.
   691 | D        | Found a hide-covered altar of Uskayaw.
   691 | D        | Found a blossoming altar of Fedhas.
   691 | D        | Found a bloodstained altar of Trog.
   691 | D        | Found an iron altar of Okawaru.
   691 | D        | Found a basalt altar of Yredelemnul.
   691 | D        | Found a glowing golden altar of the Shining One.
   691 | D        | Found a snail-covered altar of Cheibriados.
   691 | D        | Found a sacrificial altar of Ru.
   691 | D        | Found a glowing silver altar of Zin.
   691 | D        | Found a shadowy altar of Dithmenos.
   691 | D        | Found a white marble altar of Elyvilon.
   691 | D        | Noticed a yak
   692 | D        | Found an opulent altar of Gozag.
   703 | D        | Killed a yak
   703 | D        | Reached skill level 7 in Short Blades
   703 | D        | Reached skill level 1 in Armour
   703 | D        | Reached XP level 6. HP: 9/55 MP: 6/6
   959 | D        | Found a sparkling altar of Nemelex Xobeh.
   965 | D        | Became a worshipper of Dithmenos the Shadowed
   965 | D        | Reached * piety under Dithmenos
   965 | D        | Reached ** piety under Dithmenos
   968 | D        | Bought a potion of haste for 120 gold pieces
   980 | D        | Found a burning altar of Makhleb.
   980 | D        | Found a viscous altar of Jiyva.
   980 | D        | Found a shimmering altar of Xom.
   980 | D        | Found a corrupted altar of Lugonu.
   980 | D        | Noticed a slime creature
  1000 | D        | Killed a slime creature
  1000 | D        | Reached skill level 8 in Short Blades
  1214 | D        | Noticed a kobold demonologist
  1214 | D        | Noticed a floating eye
  1237 | D        | Noticed a kobold demonologist
  1243 | D        | Killed a floating eye
  1243 | D        | Reached skill level 9 in Short Blades
  1243 | D        | Gained mutation: You have sharp fingernails. [demonic ancestry]
  1243 | D        | Reached XP level 7. HP: 60/63 MP: 7/7
  1263 | D        | Noticed a sixfirhy
  1270 | D        | Noticed a neqoxec
  1273 | D        | Mangled by a sixfirhy

Skill      XL: |  1  2  3  4  5  6 |
---------------+-------------------+-----
Fighting       | 4 5 6 7 8 |  8.6
Short Blades   | 4 5 6 7 9 |  9.1
Dodging        | 4 5 6 7 |  7.8
Stealth        | 2 3 |  3.9
Armour         | 1 2 |  2.5

Action                   |  1- 3 |  4- 6 |  7- 9 || total
-------------------------+-------+-------+-------++-------
Melee: Short sword       |    18 |    49 |    30 ||    97
  Use: Potion            |     1 |     3 |       ||     4
Armor: Robe              |     1 |       |       ||     1
       Leather armour    |       |     2 |     2 ||     4
Dodge: Dodged            |     7 |    18 |    23 ||    48
